 Dungeon Crawl Stone Soup version 0.22.1-6-g1668fe2 (webtiles) character file.

44 Gingerlord the Skirmisher (level 3, -1/31 HPs)
             Began as a Draconian Skald on Jan 26, 2019.
             Slain by Robin
             ... wielding a +0 mace
              (6 damage)
             ... on level 2 of the Dungeon.
             The game lasted 00:01:11 (1172 turns).

Gingerlord the Skirmisher (Draconian Skald)         Turns: 1172, Time: 00:01:12

Health: -1/31      AC:  5    Str: 14    XL:     3   Next: 39%
Magic:  6/6        EV: 12    Int: 13    God:
Gold:   73         SH:  0    Dex: 10    Spells: 5/6 levels left

rFire    . . .     SeeInvis .   a - +0 hand axe
rCold    . . .     Gourm    .   (no shield)
rNeg     . . .     Faith    .   (armour unavailable)
rPois    .         Spirit   .   (helmet restricted)
rElec    .         Reflect  .   (no cloak)
rCorr    .         Harm     .   (no gloves)
MR       .....                  (no boots)
Stlth    +.........             (no amulet)
HPRegen  0.10/turn              (no ring)
MPRegen  0.10/turn              (no ring)

@: no status effects
A: unfitting armour, cold-blooded, AC +5
a: no special abilities


You were on level 2 of the Dungeon.
You were very hungry.

You visited 1 branch of the dungeon, and saw 2 of its levels.

You collected 73 gold pieces.

Inventory:

Hand Weapons
 a - a +0 hand axe (weapon)
Scrolls
 d - a scroll of immolation {unknown}
 f - a scroll of enchant armour {unknown}
 j - a scroll of identify {unknown}
Potions
 b - 3 potions of haste {unknown}
 e - a potion of might {unknown}
 g - 2 potions of lignification {unknown}
 h - 2 potions of heal wounds {unknown}
 i - 2 potions of agility {unknown}
Comestibles
 c - 3 rations


   Skills:
 + Level 3.0 Fighting
 + Level 2.7 Axes
 + Level 2.7 Dodging
 - Level 2.0 Spellcasting
 - Level 2.6 Charms


You had 5 spell levels left.
You knew the following spells:

 Your Spells              Type           Power        Failure   Level  Hunger
a - Infusion              Chrm           #...         9%          1    ##.....

Your spell library contained the following spells:

 Spells                   Type           Power        Failure   Level  Hunger
 Song of Slaying          Chrm           #.......     13%         2    ###....
 Shroud of Golubria       Chrm/Tloc      #.........   22%         2    ###....
 Regeneration             Chrm/Necr      #.........   41%         3    ####...
 Spectral Weapon          Hex/Chrm       #.......     41%         3    ####...


Dungeon Overview and Level Annotations

Branches:
Dungeon (2/15)

Altars:

Annotations:
D:2 Robin


Innate Abilities, Weirdness & Mutations

Your plain brown scales are hard. (AC +5)
You cannot fit into any form of body armour.
You are cold-blooded and may be slowed by cold attacks.


Message History

You hit Robin. You tail-slap Robin.
Robin is severely wounded.
You hit the goblin but do no damage. Robin hits you with a mace.
* * * LOW HITPOINT WARNING * * *
The goblin barely misses you.
You hit Robin.
Robin is almost dead.
You barely miss the goblin. The goblin hits you but does no damage.
Robin says, "My goblins will feast on your bones."
Robin hits you but does no damage.
You hit Robin.
Robin is almost dead.
You miss the goblin.
You are feeling very hungry.
The goblin hits you but does no damage.
Robin drinks a potion.
Robin is healed!
You hit Robin but do no damage.
Robin is severely wounded.
You barely miss the goblin. The goblin barely misses you.
Robin hits you with a mace.
You die...

...##.#
#.#......#
...## .
..####.###
.... #
#######.###
..#.#
#.....#
..#.#
#.....##
....
#..=...####
.#
#.........#
.##.#
#.g†#####.#
....# ###@#
# ##### #g#
####### #.#
.>....# #.#
.####.# #..
.####.##
#.#
........
#.#
.####.##
..# .####.#


You could see Robin and a goblin.

Vanquished Creatures
  An ooze (D:1)
  A worm (D:2)
  A dart slug (D:1)
  2 giant cockroaches (D:1)
  11 goblins
  6 hobgoblins
  2 kobolds (D:1)
  A ball python (D:1)
  A bat (D:1)
  2 frilled lizards
  4 rats
32 creatures vanquished.

Notes
Turn   | Place    | Note
-------+----------+-------------------------------------------
     0 | D:1      | Gingerlord the Draconian Skald began the quest for the Orb.
     0 | D:1      | Reached XP level 1. HP: 17/17 MP: 3/3
   392 | D:1      | Reached XP level 2. HP: 25/25 MP: 5/5
  1051 | D:2      | Reached XP level 3. HP: 23/30 MP: 6/6
  1151 | D:2      | Noticed Robin
  1156 | D:2      | Reached skill level 3 in Fighting
  1172 | D:2      | Slain by Robin

Skill      XL: |  1  2  3 |
---------------+----------+-----
Fighting       | 3 |  3.0
Axes           | |  2.7
Dodging        | |  2.7
Spellcasting   | |  2.0
Charms         | |  2.6

Action                   || total
-------------------------++-------
Melee: Hand axe          ||   116
       Tailslap          ||    16
Armor: Skin              ||    34
Dodge: Dodged            ||    66
